 Dungeon Crawl Stone Soup version 0.28.0-45-g0d030f2227 (console) character file.

Game seed: 12456679575928542709

539 Banquo the Magician (level 7, -1/49 HPs)
             Began as a Djinni Conjurer on Apr 21, 2022.
             Slain by Eustachio
             ... wielding a +0 rapier
              (3 damage)
             ... on level 5 of the Dungeon.
             The game lasted 00:16:51 (5887 turns).

Banquo the Magician (Djinni Conjurer)               Turns: 5887, Time: 00:16:51

Health: -1/49      AC:  4    Str:  6    XL:     7   Next: 51%
Gold:   173        EV: 13    Int: 21    God:
                   SH:  0    Dex: 12

rFire   + + .      SeeInvis +   b - +1 rapier (venom)
rCold   x . .      Faith    .   (no shield)
rNeg    . . .      Spirit   .   d - +0 robe
rPois   ∞          Reflect  .   h - +1 helmet
rElec   .          Harm     .   (no cloak)
rCorr   .          Rampage  .   (no gloves)
Will    .....                   (boots unavailable)
Stlth   ++........              (no amulet)
HPRegen 0.16/turn               S - ring of see invisible
MPRegen 0.00/turn               (no ring)

@: about to teleport, flying, very slightly contaminated
A: sickness immunity, fire resistance 2, cold vulnerability 1, float, innate
caster, HP casting, extra vitality 1
a: no special abilities


You were on level 5 of the Dungeon.
You visited 1 branch of the dungeon, and saw 5 of its levels.

You collected 212 gold pieces.
You spent 39 gold pieces at shops.

Inventory:

Hand Weapons
 a - a +2 dagger of protection
 b - a +1 rapier of venom (weapon)
 n - a +0 spear
 r - a +1 morningstar of holy wrath
Armour
 d - a +0 robe (worn)
 g - a +3 scale mail
 h - a +1 helmet (worn)
 t - a +2 ring mail of fire resistance
Jewellery
 S - a ring of see invisible (left hand)
Wands
 s - a wand of acid (7)
Scrolls
 c - 2 scrolls of brand weapon
 p - 2 scrolls of teleportation
 w - a scroll of identify
Potions
 i - a potion of heal wounds
 j - 3 potions of curing
 l - a potion of resistance
 m - a potion of mutation
 o - 2 potions of might


   Skills:
 * Level 2.6 Fighting
 * Level 3.8 Dodging
 - Level 1.5 Stealth
 + Level 5.8 Spellcasting


You couldn't memorise any spells.
You knew the following spells:

 Your Spells              Type           Power      Damage    Failure   Level
a - Magic Dart            Conj           100%       1d8       1%          1
b - Wereblood             Tmut           30%        N/A       1%          2
c - Beastly Appendage     Tmut           60%        N/A       1%          1
d - Dazzling Flash        Conj/Hex       60%        N/A       2%          3
f - Conjure Flame         Conj/Fire      30%        6-21      2%          3
m - Iskenderun's Mystic   Conj/Tloc      30%        2d8       9%          4
p - Fulminant Prism       Conj/Hex       15%        3d11      9%          4
r - Searing Ray           Conj           60%        2d6       1%          2
Your spell library was empty.

Dungeon Overview and Level Annotations

Branches:
Dungeon (5/15)
 Temple: D:4-7

Altars:
Cheibriados

Shops:
D:4 ?

Annotations:
D:2 1 runed translucent door, Crazy Yiuf
D:5 Eustachio


Innate Abilities, Weirdness & Mutations

You are immune to sickness and miasma.
You are immune to poison.
Your flesh is very heat resistant. (rF++)
You are vulnerable to cold. (rC-)
You float through the air rather than walking.
You learn spells naturally, not from books.
Your magical power is your life essence.
You have superior vitality. (+4 MHP)


Message History

Casting: Dazzling Flash (dangerous; 2% risk of failure)
Press: ? - help, Dir - look around, f - activate You miscast Dazzling Flash.
You are very lightly contaminated with residual magic.
Nothing appears to happen.
Eustachio hits you with a +0 rapier!
Casting: Dazzling Flash (dangerous; 2% risk of failure)
Confirm with . or Enter, or press ? or * to list all spells.
Casting: Dazzling Flash (dangerous; 2% risk of failure)
Press: ? - help, Dir - look around, f - activate Eustachio is dazzled.
Eustachio hits you with a +0 rapier!
Unknown command.
Your +2 dagger of protection goes still.
Your +1 rapier of venom begins to drip with poison!
b - a +1 rapier of venom (weapon)
Eustachio gestures wildly while chanting.
You closely miss Eustachio.
Eustachio is moderately wounded.
Eustachio is no longer blind.
Eustachio barely misses you.
The crimson imp hits you but does no damage.
You closely miss Eustachio. You punch Eustachio, but do no damage.
Eustachio is moderately wounded.
Eustachio misses you.
The crimson imp hits you but does no damage.
The white imp gestures at you. The puff of frost misses you.
You hit Eustachio.
Eustachio is heavily wounded.
Eustachio hits you with a +0 rapier!
* * * LOW HITPOINT WARNING * * *
The crimson imp hits you but does no damage.
The white imp hits you.
* * * LOW HITPOINT WARNING * * *
The white imp freezes you.
You feel a terrible chill!
* * * LOW HITPOINT WARNING * * *
The white imp shouts, "Leave, thou feeble toenail-biting malt-worm!"
The white imp closely misses you.
Unknown command.
As you read the scroll of teleportation, it crumbles to dust.
You feel strangely unstable. Eustachio hits you with a +0 rapier.
You die...

. .. . .. .### #. #
>.# . #.#
#.##.#...+
##########..#...###
#.........5@5.)...#
####...####@..##..#
###.....5.###..+
####>.......
########..#.##.##
#.§§§§#........#
#.§§§.........##
#.§§....#.....#).
#..§.....<......#
#....§.##########


You could see Eustachio, a crimson imp (summoned) and 2 white imps.

Vanquished Creatures
  2 necrophages (D:4)
  A hound (D:4)
  A centaur skeleton (D:4)
  2 orc wizards (D:4)
  An iguana (D:4)
  A hound zombie (D:4)
  Robin (D:2)
  3 gnolls (D:3)
  4 adders
  2 adder skeletons (D:4)
  3 worms
  2 dart slugs
  6 orcs
  7 ball pythons
  6 endoplasms
  8 giant cockroaches
  15 goblins
  10 hobgoblins
  10 jackals
  2 kobolds (D:4)
  5 quokkas
  12 bats
  2 frilled lizards (D:1)
  A quokka skeleton (D:4)
  8 rats
115 creatures vanquished.

Notes
Turn   | Place    | Note
-------+----------+-------------------------------------------
     0 | D:1      | Banquo the Djinni Conjurer began the quest for the Orb.
     0 | D:1      | Reached XP level 1. HP: 15/15 MP: 0/0
   229 | D:1      | Reached XP level 2. HP: 18/21 MP: 0/0
   383 | D:1      | Found a faded altar of an unknown god.
   749 | D:1      | Reached XP level 3. HP: 24/26 MP: 0/0
   749 | D:1      | Learned a level 1 spell: Beastly Appendage
  1673 | D:2      | Reached skill level 1 in Fighting
  1810 | D:2      | Reached XP level 4. HP: 30/32 MP: 0/0
  1829 | D:2      | Reached skill level 4 in Spellcasting
  1938 | D:2      | Noticed Robin
  2013 | D:2      | Killed Robin
  2369 | D:2      | Found a runed translucent door.
  2370 | D:2      | Noticed Crazy Yiuf
  2641 | D:3      | Reached XP level 5. HP: 34/37 MP: 0/0
  2641 | D:3      | Learned a level 2 spell: Wereblood
  4156 | D:4      | Noticed a necrophage
  4161 | D:4      | Reached XP level 6. HP: 35/43 MP: 0/0
  4166 | D:4      | Killed a necrophage
  4167 | D:4      | Reached skill level 5 in Spellcasting
  4325 | D:4      | Found a snail-covered altar of Cheibriados.
  4594 | D:4      | Reached XP level 7. HP: 39/49 MP: 0/0
  4594 | D:4      | Learned a level 3 spell: Conjure Flame
  5403 | D:4      | Found Pifa's Magic Scroll Shoppe.
  5409 | D:4      | Bought a scroll of teleportation for 39 gold pieces
  5743 | D:5      | Entered Level 5 of the Dungeon
  5764 | D:5      | Noticed Eustachio
  5886 | D:5      | HP: 2/49 [white imp[Eustachio] (4)]
  5887 | D:5      | Slain by Eustachio

Illustrated notes

Levels and vault maps discovered:
D:1:      dpeg_arrival_brainrot, layout_basic,
          chequers_ecumenical_altar_simple_redux
D:2:      layout_basic, nicolae_elevator_lobby_plus, uniq_crazy_yiuf_cottage,
          uniq_robin
D:3:      layout_basic, guppyfry_early_orc_mine
D:4:      minmay_clustersquares, layout_loops_ring, slow_altar_1, serial_shops,
          shop, minmay_manual_mullet
D:5:      layout_rooms, grunt_temple_overflow_open,
          mainiacjoe_overflow_24_doors, temple_hall, serial_shops,
          kennysheep_mini, roderic_roman_lattice, kennysheep_generic_room_4,
          uniq_eustachio

Skill      XL: |  1  2  3  4  5  6 |
---------------+-------------------+-----
Fighting       | 1 2 |  2.6
Spellcasting   | 4 5 |  5.8
Dodging        | 3 |  3.8
Stealth        | |  1.5

Action                   |  1- 3 |  4- 6 |  7- 9 || total
-------------------------+-------+-------+-------++-------
Melee: Rapier            |       |       |     3 ||     3
       Punch             |       |       |     1 ||     1
 Cast: Magic Dart        |    64 |   110 |    22 ||   196
       Searing Ray       |       |    14 |     8 ||    22
       Iskenderun's Myst |       |     3 |       ||     3
       Dazzling Flash    |       |       |     1 ||     1
  Use: Scroll            |       |     4 |     9 ||    13
Armor: Robe              |     1 |       |     6 ||     7
Dodge: Dodged            |     4 |     8 |     8 ||    20
